Workbook

Sheet Using the Tool
A1: What is a CHNAudit? Nonprofit hospitals have to conduct a Community Health Needs Assessment (CHNA) and accompanying Implementation Strategy (IS) every three years, to understand which health needs are most important to communities and create a plan to address these health needs. The CHNAudit allows stakeholders to evaluate hospital performance across four domains. Each domain includes metrics based on IRS requirements, as well as best practices identified by a working group of hospitals, researchers, policymakers and community advocates as well as specialty group guidance and academic literature. Transparency: How well does hospital make CHNA and community benefit information available and accessible? Community engagement: How well does the hospital involve their community in development of the CHNA and IS? Prioritization of health needs: How does the hospital identify priority health needs? Do the hospital’s identified health needs align with community feedback? Accountability: Does the hospital include targets to measure success on programs to address health needs? How many of these targets are fulfilled? How to use this tool. To use this tool, identify the hospital you would like to evaluate and locate their most recent Community Health Needs Assessment, Implementation Strategy, and previous cycle Implementation Strategy. Most of the criteria are found using these documents. For each category, you will see critieria, a dropdown to record the result, and tips on where to look to find the answer. We also have included in the notes column additional information you may want to record for more detail in that category. The "Target Tracking" tab can be used for comparing the actions listed in the hospital's previous IS with the evaluation in their current CHNA. This tracking tool should make it easier to find how many actions from the previous IS have measurable targets, how many actions are included in the subsequent CHNA, and how many targets are included in the subsequent CHNA. In the "Target Tracking" tab in the column "Does action have a measurable target?" there are options to select "Yes: Quantified" , "Yes:Binary," or "No." Here, you can specify whether an action in the IS included a target that is based on a quantifiable goal (for example, "Increase number of patients served by xx%" or "Provide services to 100 patients") as opposed to a binary goal (for example, "Complete staff training" or "Hire a community worker"). The "Summary" tab allows you to track the overall success of the hospital on each category. There are also spaces for you to include links to the relevant documents, list the priority health needs, and identify key takeaways. Acknowledgements and citations. This tool was created by Lown Institute staff and the CHNAudit working group in 2025-2026 and published in October 2026. If publicly reporting results from this tool, please credit the Lown Institute.

Sheet Summary
A1: **HOSPITAL** | B1: Year | C1: Link | D1: Previous Year | E1: Link
A2: Community Health Needs Assessment
A3: Implementation Strategy
A4: Prioritized Health Needs
B10: # of Criteria Met
A11: Category | B11: IRS Requirements | C11: Best Practices | D11: Total | E11: Maxiumum | F11: % Complete
A12: Transparency | B12: {=SUMPRODUCT(COUNTIF(Transparency!E2:E11, "Yes"))} -> 0 | C12: {=SUMPRODUCT(COUNTIF(Transparency!I2:I11, "Yes"))} -> 0 | D12: =B12+C12 -> 0 | E12: 13 | F12: =D12/E12 -> 0
A13: Community Engagement | B13: {=SUMPRODUCT(COUNTIFS('Community Engagement'!E2:E13,"Yes"))} -> 0 | C13: {=SUMPRODUCT(COUNTIF('Community Engagement'!I2:I13, "Yes"))} -> 0 | D13: =B13+C13 -> 0 | E13: 16 | F13: =D13/E13 -> 0
A14: Prioritizing Health Needs | B14: {=SUMPRODUCT(COUNTIF('Prioritizing Health Needs'!E2:E12, "Yes"))} -> 0 | C14: {=SUMPRODUCT(COUNTIF('Prioritizing Health Needs'!I2:I12, "Yes"))} -> 0 | D14: =B14+C14 -> 0 | E14: 13 | F14: =D14/E14 -> 0
A15: Accountability | B15: {=SUMPRODUCT(COUNTIF(Accountability!E2:E8, "Yes"))} -> 0 | C15: {=SUMPRODUCT(COUNTIF(Accountability!I2:I8, "Yes"))} -> 0 | D15: =B15+C15 -> 0 | E15: 10 | F15: =D15/E15 -> 0
A16: Total | B16: =SUM(B12:B15) -> 0 | C16: =SUM(C12:C15) -> 0 | D16: =B16+C16 -> 0 | E16: 52 | F16: =D16/E16 -> 0
A17: Maximum | B17: 16 | C17: 36
A18: % Complete | B18: =B16/B17 -> 0 | C18: =C16/C17 -> 0
A19: Target Tracking Evaluation
A20: Category | B20: # | C20: %
A21: Total # Actions (in previous IS)
A22: Actions with Measurable Target (in previous IS) | C22: =B22/B21 -> #DIV/0!
A23: Actions included in Evaluation (in current CHNA) | C23: =B23/B21 -> #DIV/0!
A24: Total # Targets (in previous IS)
A25: Targets included in Evaluation (in current CHNA) | C25: =B25/B24 -> #DIV/0!
A26: Targets Met (in current CHNA) | C26: =B26/B24 -> #DIV/0!
A27: Key Takeaways | B27: Where this hospital succeeded | C27: Where this hospital fell short | D27: How could this hospital improve?

Sheet Transparency
A1: Question # | B1: Element | C1: Required by IRS | D1: Where to find | E1: Implemented IRS requirement? | F1: IRS requirement notes | G1: Best practice | H1: Where to find 2 | I1: Implemented best practice? | J1: Best practices notes
A2: 1 | B2: Accessibility | C2: Current and two previous versions of CHNA and IS are published on the website | D2: Hospital/system website | G2: CHNAs/ISs from 2016 onward are published on the website | H2: Hospital/system website | J2: Any dissemination activities beyond publishing on website? (e.g. public forum)
A3: 1a | G3: Executive summary of CHNA/IS is available in additional languages | H3: Hospital/System website or in the CHNA in methods or introduction section
A4: 2 | B4: Readability | G4: Executive summary available | H4: CHNA table of contents, generally at the beginning
A5: 2a | G5: Executive summary provides an overview of methods and priority health needs | H5: CHNA table of contents, generally at the beginning
A6: 2b | G6: Executive summary is at a 6th - 8th grade reading level | H6: Use Hemingway app or Flesch-Kincaid test to assess grade reading level
A7: 3 | B7: Assistance/contractors used | C7: CHNA must identifies any parties with whom the hospital facility collaborated or contracted for assistance in conducting the CHNA. | D7: CHNA, often in introduction or exec summary | F7: Who is the consultant? University/NP or for-profit? | G7: Provides credentials of consultants | H7: CHNA, often in introduction or exec summary | J7: Any information on the bid process or community involvement in choosing consultant?
A8: 4 | B8: Regional collaborative | C8: CHNA must state if it is a joint collaboration (e.g., with other hospitals, regional collaborative) | D8: CHNA, often in introduction or exec summary | G8: Acknowledges why they did or did not participate in joint CHNA/IS | H8: CHNA, often in introduction or exec summary | J8: Any information on community involvement in participating in joint CHNA?
G9: CHNA is done collaboratively with public health department, community organizations, and local health providers (including those not within system)
A10: 5 | B10: Updates on progress | G10: Hospital provides annual updates on progress toward addressing priority health needs | H10: There are a few potential places to find this: Hospital/System website, IRS 990 Schedule H narrative section (IRS 990 available here ProPublica data set)
G11: Hospital updates their Implementation Strategy mid-cycle based on community feedback or evaluation of progress (ie. IS is a "living document") | H11: This would be on hospital website or indicated in the IS that there have been revisions

Sheet Community Engagement
A1: Question # | B1: Element | C1: Required by IRS | D1: Where to find | E1: Implemented IRS requirement? | F1: IRS requirement notes | G1: Best practice | H1: Where to find 2 | I1: Implemented best practice? | J1: Best practices notes
A2: 1 | B2: Defining the community | C2: Community must be defined, and include consideration of people and organizations within some circumscribed geographic area. Hospitals may not exclude medically underserved, low-income, or minority populations or exclude patients based on insurance coverage. Must include description of how the community was determined. | D2: Hospital CHNA in section about community definition | G2: Priority areas and populations extend beyond hospital’s traditional service boundaries in one or more of the following ways: Those served by hospital’s community benefit programs, those residing in nearby neighborhoods, or at-risk populations. | H2: Hospital CHNA in section about community definition
A3: 2 | B3: Community input methods | C3: Methods for taking community input must be described | D3: Hospital CHNA in section about community input methods | G3: Input from BOTH individual community members and group leaders or experts representing specific groups of residents is included | H3: Hospital CHNA in section about community input methods | J3: How many community members involved?
A4: 2a | G4: Methods for taking community input address equity concerns (for example: soliciting feedback in multiple languages or conducting outreach to underserved community members or groups) | H4: Hospital CHNA in section about community input methods
A5: 2b | G5: Primary data collection efforts include a qualitative (i.e., open-ended) element | H5: Hospital CHNA in section about community input methods
A6: 3 | B6: Community resident feedback results | C6: Hospitals must engage members of medically underserved, low-income, and minority populations in the community served by the hospital facility, or individuals or organizations serving or representing the interests of these populations | D6: Hospital CHNA in section about community input methods | G6: Provides demographic breakdown of participants in all community input efforts (e.g., surveys, focus groups). If a survey is used and described as representative, respondents reflect the racial, ethnic, and economic diversity of the community | H6: Hospital CHNA in section about community input results (often there will be a comparison of survey respondents compared to community demographics).
A7: 3a | G7: If hospital conducted a survey, it oversampled at least 1 underserved demographic group (e.g., low-income, rural location, racial minority). If they conducted focus groups/interviews, they targeted underserved populations for participation. | H7: Hospital CHNA in section describing results of community input
A8: 3b | C8: Hospital must include written comments received on the hospital's most recently conducted CHNA/IS. | D8: Hospital CHNA in section about community input methods | F8: Were there written comments?
A9: 4 | B9: Group/expert feedback results | C9: Hospitals must engage at least one public health department with knowledge, information, or expertise relevant to the health needs of the community. | D9: Hospital CHNA in section about community input methods | F9: How many groups/key informants/experts participated? | G9: Hospital engages with other hospitals and health providers, FQHCs, mental health providers. | H9: Hospital CHNA. Note not all of these groups must be included to receive "Yes." | J9: Did the hospital collaborate with those from other systems (i.e., the "competition"?)
A10: 4a | G10: Hospital engages with nonprofit organizations, consumer advocates, housing, transportation, education, faith-based groups, labor organizations | H10: Hospital CHNA. Note not all of these groups must be included to receive "Yes." | J10: Note if hospital includes mentions of collaboration beyond CHNA process
A11: 5 | B11: Community leadership in the process | G11: Community members/groups are driving the CHNA development process, rather than the hospital or contractor. | H11: Hospital CHNA in section describing the process of creating CHNA
A12: 5a | G12: Community members/groups are driving both the CHNA and IS development process, rather than the hospital or contractor. | H12: Hospital CHNA in section describing the process of creating CHNA and IS [Most recent IS]
A13: 5b | G13: Hospital has an active community-based and/or patient advisory group involved in the process | H13: Search (1) hospital website, (2) Form 990 Schedule H, and (3) CHNA for mention of "patient advisory council", "community advisory council", "community-based advisory group." If there is a group that exists, it must also be included in the CHNA or IS to show they are involved in the process.

Sheet Prioritizing Health Needs
A1: Question # | B1: Element | C1: Required by IRS | D1: Where to find | E1: Implemented IRS requirement? | F1: IRS requirement notes | G1: Best practice | H1: Where to find 2 | I1: Implemented best practice? | J1: Best practice notes
A2: 1 | B2: Identifying and prioritizing health needs | C2: Health needs are identified and prioritized | D2: Hospital CHNA in priority health needs section
A3: 1a | C3: Methods for the process of identifying & prioritizing health needs are available, including a description of the process and criteria used in identifying certain health needs as significant and prioritizing those significant health needs. | D3: Hospital CHNA in priority health needs section
A4: 1b | C4: Method of identifying and prioritizing health needs in CHNA includes community feedback | D4: Hospital CHNA in priority health needs section
A5: 2 | B5: Data sources | C5: Hospital described the data and other information used in the assessment, as well as the methods of collecting and analyzing this data and information. | D5: Hospital CHNA in priority health needs section or throughout | G5: Hospital utilizes both primary and secondary data sources (including public health data collected by government agencies and other authoritative sources) | H5: Hospital CHNA in priority health needs section or throughout
A6: 2a | G6: Hospital utilizes indicators for community health (e.g., demographics, SES, access to care, health status, risk factor behaviors) | H6: Hospital CHNA in priority health needs section or throughout
A7: 2b | G7: Most indicators are disaggregated by demographics to highlight health issues disproportionately impacting minority groups OR discussion of health disparities demonstrates this data was taken into account | H7: Hospital CHNA in section where secondary data sources are analyzed (this may be in different places of the document depending on hospital). Hospital does not need to disaggregate by all of these factors to get credit. | J7: If yes, which demographics are used for break out?
A8: 3 | B8: Health needs chosen to address | C8: Hospital's IS includes for each significant health need identified, either: (1) how they plan to address the health need or (2) why they won't address the health need | D8: Hospital CHNA in priority health needs section. If hospital includes a blanket statement about not including certain health needs that is acceptable. | G8: Among the most significant health needs identified by community members/groups, hospital explains why or why not each were included or not in their final list of priority health needs | H8: Hospital CHNA in priority health needs section or throughout | J8: If no, which needs are missing?
A9: 3a | G9: Hospital is addressing at least one health need related to "Equity, Racism, Structural Inequality, Health Disparities, or Social Determinants of Health" | H9: Hospital IS section of health needs they will address. Health needs such as housing or food security are included in SDOH [Most recent IS]. | J9: If yes, which needs are related to equity etc?
A10: 3b | G10: Among the most significant health needs identified by public health officials, hospital has included among health needs to address or explains why they are not addressing this need given the importance placed by the public health department. | H10: Search website of county public health department to find their most recent needs assessment. In cases where public health department conducted CHNA with hospital (i.e., one CHNA for the county and hospital) put "Yes." | J10: If no, which needs are missing?
A11: 3c | G11: Community members/group feedback is taken into account to determine which health needs the hospital will address | H11: Hospital IS in section on how IS is conducted [Most recent IS]
A12: 3d | G12: Community members/groups are on the team deciding which health needs the hospital will address | H12: Hospital IS in section on how IS is conducted [Most recent IS]

Sheet Accountability
A1: Question # | B1: Element | C1: Required by IRS | D1: Where to find | E1: Implemented IRS requirement? | F1: IRS notes | G1: Best practice | H1: Where to find 2 | I1: Implemented best practice? | J1: Best practice notes
A2: 1 | B2: Actions taken to address health needs | C2: Hospital describes the actions they intend to take to address the health need in IS and anticipated impact of actions | D2: Hospital IS [most recent] | G2: At least 80% of actions include at least one measurable target in the IS to measure success | H2: Previous hospital IS. Use "TARGET TRACKING" tab. Note that target does not have to be quantifiable, but it does have to be measurable. Structural outcomes such as "create a working group to do X" is measurable. A process outcome of "Serve xx# of patients with this program" or "increase the number of patients served" is measurable. Saying "We will look at the number of patients served" is not a measurable target. | J2: If no, how many actions did not have a measurable target?
A3: 1a | G3: For long-standing community health programs, hospital tracks at least one outcome metric to show potential improvement in community health over time | H3: Previous hospital IS. An "outcome" metric is a metric that shows an improvement in health or well-being. Examples include suicide rate, blood pressure, patient A1c, ER visits, etc. Does not include process metrics like # of calls made, # of patients served, etc.
A4: 2 | B4: Partners, resources and spending | C4: Hospital identifies the resources planned to commit to address the health need, and any planned collaboration between the hospital facility and other facilities or organizations in addressing the health need in IS | D4: Hospital IS [most recent] | G4: Budget/spending amounts on programs or health needs listed in IS are included (either in IS or subsequent CHNA) | H4: Previous hospital IS/CHNA. This is rare to see. If they have budget numbers for any program, put "Yes." | J4: If yes, how much was spent per health need?
A5: 3 | B5: Evaluation of previous actions | C5: CHNA must include an evaluation of actions taken in years since previous CHNA | D5: Hospital CHNA in evaluation section | G5: At least 80% of actions mentioned in the previous IS are included in hospital evaluation in subsequent CHNA. | H5: Previous hospital IS/current CHNA. Use "TARGET TRACKING" tab | J5: If no, how many actions were not included in subsequent CHNA evaluation?
A6: 3a | G6: Evaluation in CHNA includes community feedback on progress and how hospital plans to improve in upcoming IS | H6: Hospital CHNA in evaluation section. Mentions of improvements to be made in the future is acceptable.
A7: 3b | G7: At least 80% of targets/metrics mentioned in the previous IS are included in hospital evaluation in subsequent CHNA. | H7: Previous hospital IS/current CHNA. Use "TARGET TRACKING" tab | J7: If no, how many targets did not have results?
A8: 3c | G8: If target was not achieved, it's explained why target was not achieved. | H8: CHNA evaluation section

Sheet Target Tracking
A1: PREVIOUS IMPLEMENTATION STRATEGY | E1: CURRENT COMMUNITY HEALTH NEEDS ASSESSMENT
A2: Priority Health Need | B2: Action | C2: Target | D2: Does Action Have a Measurable Target? | E2: Action Mentioned? | F2: Target Met? | G2: Results of Action (i.e., How do we know target was met/not met?)
